AoeStats
← 476114897

Arena

510085541Analyzed
1v1 RM · 2d ago on Sep 29, 2026· 37m 39s· 2 players
Game mode
Random Map
Map size
Tiny (2 player)
Population
200
Speed
Normal
Resources
Standard
Victory
Conquest
Starting age
Dark Age
Ending age
Imperial Age
RankedLock teamsTeams togetherTeam positionsShared explorationLock speedFull tech treeHidden civsTurbo modeCheats
Victory
Defeat
🇨🇳 Aztecs · China
1341
+18
🇦🇷 Spanish · Argentina
1385
-18
476114897
10:24 Feudal Age
12:16 Loom
15:02 Castle Age
13:14 Double-Bit Axe
15:33 Horse Collar
17:27 Fervor
17:50 Gold Mining
18:40 Sanctity
21:09 Scale Mail Armor
21:29 Redemption
22:40 Devotion
23:25 Wheelbarrow
22:36 Town Watch
24:55 Squires
28:55 Imperial Age
27:09 Bow Saw
28:10 Eagle Warrior
29:04 Forging
29:53 Block Printing
30:14 Chain Mail Armor
32:36 Fletching
32:13 Capped Ram
34:13 Theocracy
34:10 Illumination
33:44 Herbal Medicine
33:40 Pikeman
35:05 Plate Mail Armor
MALETA
0:26 Loom
11:13 Feudal Age
15:03 Castle Age
14:30 Double-Bit Axe
14:28 Horse Collar
14:41 Gold Mining
15:04 Padded Archer Armor
16:29 Padded Archer Armor
16:57 Bow Saw
25:13 Fletching
27:30 Ballistics
28:33 Bodkin Arrow
30:09 Wheelbarrow
31:18 Forging
32:57 Iron Casting
33:39 Husbandry
34:33 Light Cavalry
Connection lost

Rejoining the realm…

Still unreachable

The connection could not be restored.

Session expired

The server has moved on; the page needs a fresh start.